 Dungeon Crawl Stone Soup version 0.32-a0-646-g91cf321817 (webtiles) character file.

Game seed: 15047917289161971136

2 GordonOverkill the Sneak (level 1, -2/13 HPs)
             Began as a Deep Elf Delver on Mar 8, 2024.
             Slain by an orc
             ... wielding a +0 short sword
              (3 damage)
             ... on level 3 of the Dungeon.
             The game lasted 00:00:29 (145 turns).

GordonOverkill the Sneak (Deep Elf Delver)           Turns: 145, Time: 00:00:30

Health: -2/13      AC:  3    Str:  9    XL:     1   Next: 25%
Magic:  3/3        EV: 12    Int: 14    God:
Gold:   0          SH:  0    Dex: 16    Spells: 0/0 levels left

rFire   . . .        a - +0 short sword
rCold   . . .        (no shield)
rNeg    . . .        b - +0 leather armour
rPois   .            (no helmet)
rElec   .            (no cloak)
rCorr   .            (no gloves)
SInv    .            (no boots)
Will    .....        (no amulet)
Stlth   +++          (no ring)
HPRegen 0.22/turn    (no ring)
MPRegen 0.08/turn

%: no passive effects
@: no status effects
A: no striking features
a: no special abilities


You were on level 3 of the Dungeon.
You visited 1 branch of the dungeon, and saw 4 of its levels.

Inventory:

Hand Weapons
 a - a +0 short sword (weapon)
Missiles
 d - a throwing net (quivered)
Armour
 b - a +0 leather armour (worn)
Wands
 g - a wand of digging (3)
Scrolls
 c - a scroll of fog
Potions
 f - a potion of haste


   Skills:
 + Level 2.5 Fighting
 - Level 2.0 Short Blades
 - Level 2.4 Dodging
 - Level 6.0 Stealth


You couldn't memorise any spells.
You didn't know any spells.
Your spell library was empty.

Dungeon Overview and Level Annotations

Branches:
Dungeon (6/15)
 Temple: D:4-7

Altars:


Message History

The orc closely misses you.
You barely miss the orc.
The orc is moderately wounded.
The orc barely misses you.
You hit the orc but do no damage.
The orc is moderately wounded.
The orc hits you with a +0 short sword.
* * * LOW HITPOINT WARNING * * *
You are too injured to fight recklessly!
You hit the orc but do no damage.
The orc is moderately wounded.
The orc hits you with a +0 short sword.
* * * LOW HITPOINT WARNING * * *
You closely miss the orc.
The orc is moderately wounded.
The orc hits you with a +0 short sword.
* * * LOW HITPOINT WARNING * * *
You closely miss the orc.
The orc is moderately wounded.
You hit the orc.
The orc is heavily wounded.
The orc hits you but does no damage.
You barely miss the orc.
The orc is heavily wounded.
The orc barely misses you.
You hit the orc but do no damage.
The orc is heavily wounded.
The orc closely misses you.
You hit the orc but do no damage.
The orc is heavily wounded.
The orc hits you with a +0 short sword.
* * * LOW HITPOINT WARNING * * *
You hit the orc but do no damage.
The orc is heavily wounded.
The orc hits you with a +0 short sword.
* * * LOW HITPOINT WARNING * * *
You hit the orc but do no damage.
The orc is heavily wounded.
The orc hits you with a +0 short sword.
You die...

#..# #..# #..# ###
#..# ... ##.####.#
##.......##.#
###+##..##.......#
........##o#######
........##@#
.........#.#####
###+###........#
#..#.###.# ##.#.#
#.#.# #.#.# #.#.#
#.#.#


You could see an orc.

Vanquished Creatures
  An orc (D:3)
1 creature vanquished.

Notes
Turn   | Place    | Note
-------+----------+-------------------------------------------
     0 | D:5      | GordonOverkill the Deep Elf Delver began the quest for the
                  | Orb.
     0 | D:5      | Reached XP level 1. HP: 13/13 MP: 3/3
     1 | D:6      | Noticed an orc priest
     1 | D:6      | Noticed an orc priest
     1 | D:6      | Noticed a gnoll bouda
     1 | D:6      | Noticed a hound
    29 | D:4      | Noticed an orc wizard
   145 | D:3      | Slain by an orc

Illustrated notes

Levels and vault maps discovered:
D:3:      kennysheep_six_static_rooms, layout_basic,
          grunt_temple_overflow_holy_war, guppyfry_early_lair_pool, uniq_grinder
D:4:      layout_loops_cross
D:5:      minmay_bubble_buster, layout_loops_ring, columned_hall_lemuel
D:6:      layout_rooms, portal_sewer_entry_b, uniq_eustachio

Action                     || total
---------------------------++-------
  Melee: Short sword       ||    29
    Use: Scroll            ||     2
 Armour: Leather armour    ||    17
  Dodge: Dodged            ||    15

Table legend: (Time is in decaauts)
 A = Elapsed time spent in this place.
 B = Non-inter-level travel time spent in this place.
 C = Inter-level travel time spent in this place.
 D = Time resting spent in this place.
 E = Time spent auto-exploring this place.
 F = Levels seen in this place.
 G = Mean time per level.
                   A        B        C        D        E       F      G
               +--------+--------+--------+--------+--------+-----+--------+
         Total |    141 |    141 |      0 |     34 |     17 |   4 |   35.2 |
       Dungeon |    141 |    141 |      0 |     34 |     17 |   4 |   35.2 |
               +--------+--------+--------+--------+--------+-----+--------+

Top non-repeatable levels by time:
     D:3: 92 daAuts
     D:5: 27 daAuts
     D:4: 19 daAuts
     D:6: 1 daAuts
